 Dungeon Crawl Stone Soup version 0.28-a0-1518-gbe868bca14 (webtiles) character file.

Game seed: 13741166781467517606

63 a3don the Skirmisher (level 3, 0/31 HPs)
             Began as a Palentonga Abyssal Knight on Jan 17, 2022.
             Was a Follower of Lugonu.
             Slain by a gnoll (2 damage)
             ... on level 3 of the Dungeon.
             The game lasted 00:04:11 (1824 turns).

a3don the Skirmisher (Palentonga Abyssal Knight)    Turns: 1824, Time: 00:04:12

Health: 0/31       AC: 12    Str: 18    XL:     3   Next: 87%
Magic:  4/4        EV:  6    Int:  7    God:    Lugonu [*.....]
Gold:   119        SH:  0    Dex: 10    Spells: 2/2 levels left

rFire   . . .      SeeInvis +   o - +8 spear "Xupsaeb" {freeze, rPois rC+ rCorr Int-3}
rCold   + . .      Faith    .   (no shield)
rNeg    . . .      Spirit   .   g - +0 ring mail
rPois   +          Reflect  .   (no helmet)
rElec   .          Harm     .   (no cloak)
rCorr   +          Rampage  .   (no gloves)
Will    .....                   r - +2 barding
Stlth   ..........              (no amulet)
HPRegen 0.10/turn               (no ring)
MPRegen 0.09/turn               (no ring)

@: no status effects
A: large, rugged brown scales 3, see invisible, deformed body, roll 1, armoured
tail
a: Rolling Charge, Renounce Religion, Depart the Abyss


You were on level 3 of the Dungeon.
You worshipped Lugonu.
Lugonu was aware of your devotion.
You visited 1 branch of the dungeon, and saw 3 of its levels.
You visited the Abyss 1 time.

You collected 119 gold pieces.

Inventory:

Hand Weapons
 a - a +1 hand axe
 o - the +8 spear "Xupsaeb" (weapon) {freeze, rPois rC+ rCorr Int-3}
   (You found it on level 2 of the Dungeon)

   It freezes those it strikes, dealing additional cold damage.
   It can also slow down cold-blooded creatures.
   Int:       It affects your intelligence (-3).
   rC:        It protects you from cold.
   rPois:     It protects you from poison.
   rCorr:     It protects you from acid and corrosion.
Missiles
 d - 3 poisoned darts (quivered)
 h - 38 sling bullets
 i - 53 stones
Armour
 b - a +0 leather armour
 g - a +0 ring mail (worn)
 k - a +0 plate armour
 r - a +2 barding (worn)
Jewellery
 j - a ring of positive energy
Scrolls
 c - 2 scrolls of teleportation {unknown}
 m - a scroll of fear {unknown}
 n - a scroll of enchant armour {unknown}
 p - a scroll of vulnerability {unknown}
 q - a scroll of identify {unknown}
Potions
 e - 2 potions of degeneration {unknown}
 f - 4 potions of curing {unknown}
 l - a potion of brilliance {unknown}
 s - 2 potions of magic {unknown}
 t - a potion of heal wounds {unknown}


   Skills:
 + Level 3.3 Fighting
 + Level 2.4(2.6) Axes
 * Level 1.0(1.8) Polearms
 + Level 2.0 Armour
 + Level 1.3 Dodging
 + Level 2.5 Invocations


You had 2 spell levels left.
You didn't know any spells.
Your spell library contained the following spells:

 Spells                   Type           Power      Damage    Failure   Level
 Tukima's Dance           Hex            0%         N/A       94%         3
 Anguish                  Hex/Necr       0%         N/A       100%        4
 Enfeeble                 Hex            0%         N/A       100%        7


Dungeon Overview and Level Annotations

Branches:
Dungeon (3/15)

Altars:


Innate Abilities, Weirdness & Mutations

You are completely covered in rugged brown scales. (AC +3, +7% HP)
You have supernaturally acute eyesight. (SInv)
Armour fits poorly on your strangely shaped body.
You can roll at nearby foes to attack.
You have a long armoured tail.


Message History

The gnoll shouts!
A gnoll comes into view. It is wielding a +1 whip of holy wrath.
The gnoll hits you from afar with a +0 spear.
The gnoll shouts!
You hit the gnoll shaman. You freeze the gnoll shaman.
Your tail-slap misses the gnoll shaman.
The gnoll shaman is moderately wounded.
You hear a shout!
The gnoll shaman hits you but does no damage.
You closely miss the gnoll shaman.
The gnoll shaman is moderately wounded.
The gnoll hits you from afar with a +0 spear.
The gnoll shaman hits you with a +0 club.
You barely miss the gnoll shaman.
The gnoll shaman is moderately wounded.
The gnoll shaman hits you with a +0 club!
* * * LOW HITPOINT WARNING * * *
You puncture the gnoll shaman! You freeze the gnoll shaman.
You tail-slap the gnoll shaman.
You kill the gnoll shaman!
Lugonu accepts your kill.
Your Armour skill increases to level 2!
You have reached level 3!
Your experience leads to an increase in your attributes!
Your base attributes are Str 16, Int 10, Dex 10.
Increase (S)trength, (I)ntelligence, or (D)exterity?
You feel stronger. x2
You hit the gnoll. You freeze the gnoll. You tail-slap the gnoll.
You kill the gnoll!
Lugonu accepts your kill. The gnoll hits you but does no damage.
Your Polearms skill increases to level 1!
You are too injured to fight recklessly!
Throw: 4 darts (poison)
Press: ? - help, Q - select action, (/) - cycle Shift-Dir - straight line, f - gnoll
Aim: a gnoll, wielding a +0 spear (60% to hit)
You throw a poisoned dart.
The poisoned dart barely misses the gnoll.
The gnoll hits you from afar with a +0 spear.
You die...

...# #≈#.##'# ...#
###..#'######## ...#
##>..........
..♣♣♣♣♣♣♣♣♣####..........
............# ♣♣.♣♣......
..♣♣♣♣♣♣♣♣♣.# ♣♣.P♣......
... #..##♣..g♣ ..... ...
#.##.♣♣)♣♣....g. ....
#.##.♣♣@♣♣...... #+##
#...............
####.#.........
#.'......... ###.........
#......... #.........
##########


You could see a gnoll.

Vanquished Creatures
  A gnoll shaman (D:3)
  A gnoll (D:3)
  An orc (D:3)
  An endoplasm (D:2)
  A giant cockroach (D:3)
  4 goblins
  2 hobgoblins (D:2)
  A jackal (D:1)
  2 quokkas
  2 ball pythons
  A bat (D:1)
  A frilled lizard (D:1)
  3 kobolds
  4 rats
25 creatures vanquished.

Notes
Turn   | Place    | Note
-------+----------+-------------------------------------------
     0 | Abyss:1  | a3don the Palentonga Abyssal Knight began the quest for the
                  | Orb.
     0 | Abyss:1  | Reached XP level 1. HP: 19/19 MP: 2/2
     0 | D:1      | Escaped the Abyss
   212 | D:1      | Found a faded altar of an unknown god.
   288 | D:1      | Reached skill level 1 in Dodging
   386 | D:1      | Reached XP level 2. HP: 25/25 MP: 3/3
  1257 | D:2      | Reached * piety under Lugonu
  1322 | D:2      | Identified the +8 spear "Xupsaeb" {freeze, rPois rC+ rCorr
                  | Int-3}
  1823 | D:3      | Reached XP level 3. HP: 2/31 MP: 4/4
  1824 | D:3      | Reached skill level 1 in Polearms
  1824 | D:3      | Slain by a gnoll

Illustrated notes

Levels and vault maps discovered:
D:1:      ncdulo_lavacross, layout_rooms, dreamdust_ecumenical_altar_grove,
          nrook_campfire, st_stairs_5
D:2:      layout_loops_cross, minmay_ruptured
D:3:      layout_basic, serial_forest, infiniplex_forest_straight_3,
          infiniplex_forest_straight_4, infiniplex_forest_straight_1,
          infiniplex_forest_lined_2, infiniplex_forest_lined_3,
          chequers_serial_rivers_large_b

Skill      XL: |  1  2  3 |
---------------+----------+-----
Dodging        | 1 |  1.3
Armour         | 2 |  2.0
Polearms       | 1 |  1.0
Fighting       | |  3.3
Axes           | |  2.4
Invocations    | |  2.5

Action                   || total
-------------------------++-------
Melee: Hand axe          ||    55
       Tailslap          ||     9
       Spear             ||    10
Throw: Dart              ||     1
Invok: Depart the Abyss  ||     1
Armor: Leather armour    ||     8
       Ring mail         ||    28
Dodge: Dodged            ||    23

Table legend: (Time is in decaauts)
 A = Elapsed time spent in this place.
 B = Non-inter-level travel time spent in this place.
 C = Inter-level travel time spent in this place.
 D = Time resting spent in this place.
 E = Time spent auto-exploring this place.
 F = Levels seen in this place.
 G = Mean time per level.
                   A        B        C        D        E       F      G
               +--------+--------+--------+--------+--------+-----+--------+
         Total |   1862 |   1751 |    111 |    224 |   1301 |   4 |  465.5 |
       Dungeon |   1862 |   1751 |    111 |    224 |   1301 |   3 |  620.7 |
         Abyss |      0 |      0 |      0 |      0 |      0 |   1 |    0.0 |
               +--------+--------+--------+--------+--------+-----+--------+

Top non-repeatable levels by time:
     D:2: 965 daAuts
     D:1: 590 daAuts
     D:3: 306 daAuts
